 Dungeon Crawl Stone Soup version 0.23-a0-407-g92528d7 (webtiles) character file.

2520 Blackhawk the Ducker (level 9, -5/56 HPs)
             Began as a Tengu Berserker on Nov 7, 2018.
             Was an Elder of Trog.
             Slain by a centaur skeleton (6 damage)
             ... on level 8 of the Dungeon.
             The game lasted 00:12:44 (10242 turns).

Blackhawk the Ducker (Tengu Berserker)             Turns: 10242, Time: 00:12:44

Health: -5/56      AC:  3    Str: 19    XL:     9   Next: 54%
Magic:  10/10      EV: 16    Int:  8    God:    Trog [****..]
Gold:   468        SH:  0    Dex: 15    Spells: 8/8 levels left

rFire    x . .     SeeInvis .   d - +2 whip (elec)
rCold    + . .     Gourm    .   (no shield)
rNeg     . . .     Faith    +   b - +0 animal skin
rPois    .         Spirit   .   (helmet restricted)
rElec    .         Reflect  .   (no cloak)
rCorr    .         Harm     .   a - +0 pair of gloves
MR       .....                  (boots unavailable)
Stlth    ++........             m - amulet of faith
HPRegen  0.18/turn              e - ring of stealth
MPRegen  0.12/turn              B - ring of ice

@: no status effects
A: beak, talons 3, able to fly 1
a: Fly, Berserk, Trog's Hand, Brothers in Arms, Renounce Religion


You were on level 8 of the Dungeon.
You worshipped Trog.
Trog was greatly pleased with you.
You were not hungry.

You visited 1 branch of the dungeon, and saw 8 of its levels.

You collected 468 gold pieces.

Inventory:

Hand Weapons
 d - a +2 whip of electrocution (weapon)
 A - a +0 hunting sling
Missiles
 r - 60 sling bullets
Armour
 a - a +0 pair of gloves (worn)
 b - a +0 animal skin (worn)
Jewellery
 e - a ring of stealth (left hand)
 g - an uncursed ring of fire
 m - an amulet of faith (around neck)
 B - a ring of ice (right hand)
 E - an uncursed amulet of guardian spirit
 G - a cursed ring of attention {unknown}
Wands
 I - a wand of flame (38)
 J - a wand of scattershot (7)
 K - a wand of digging (3)
Scrolls
 f - 8 scrolls of remove curse
 k - 3 scrolls of identify
 l - 2 scrolls of fog {unknown}
 n - 4 scrolls of magic mapping {unknown}
 o - a scroll of enchant armour {unknown}
 q - 2 scrolls of amnesia {unknown}
 u - 2 scrolls of teleportation {unknown}
 v - 2 scrolls of fear {unknown}
 w - 2 scrolls of immolation {unknown}
 x - 2 scrolls of blinking {unknown}
 y - a scroll of random uselessness {unknown}
 H - a scroll of summoning {unknown}
Potions
 h - 4 potions of agility {unknown}
 i - 2 potions of magic {unknown}
 j - 3 potions of heal wounds {unknown}
 p - 2 potions of brilliance {unknown}
 s - 2 potions of might {unknown}
 t - 4 potions of curing
 z - a potion of mutation {unknown}
 C - a potion of cancellation {unknown}
 D - 2 potions of degeneration {unknown}
 F - a potion of berserk rage {unknown}
 L - a potion of ambrosia {unknown}
Comestibles
 c - 18 rations
 M - 2 chunks of flesh


   Skills:
 + Level 6.5 Fighting
 + Level 6.0 Maces & Flails
   Level 3.5 Polearms
 + Level 4.7 Slings
 + Level 6.6 Armour
 + Level 6.7 Dodging


You had 8 spell levels left.
You didn't know any spells.
Your spell library was empty.

Dungeon Overview and Level Annotations

Branches:
Dungeon (8/15)             Temple (0/1) D:4
   Lair: D:8-11

Altars:
Trog
Vehumet

Shops:
D:7 :

Annotations:
D:4 1 runed door, Cryolive's ghost, amateur GrEE
D:7 2 transporters, exclusions: 2 doors and 2 more exclusions, rowan1213's ghost, novice MiBe


Innate Abilities, Weirdness & Mutations

You have a beak for a mouth.
You have claws for feet.
You can fly.


Message History

An orc comes into view. It is wielding a +0 dagger.
The orc shouts!
You hear a shout!
The orc hits you but does no damage.
An orc wizard comes into view. It is wielding a +0 dagger.
The centaur skeleton hits you!
* * * LOW HITPOINT WARNING * * *
The centaur skeleton misses you.
An orc comes into view. It is wielding a +0 mace.
The centaur skeleton hits you.
* * * LOW HITPOINT WARNING * * *
The orc wizard gestures wildly while chanting.
The orc wizard flickers and vanishes!
Deactivating autopickup; reactivate with Ctrl-A.
The centaur skeleton closely misses you.
The centaur skeleton hits you but does no damage.
There is a stone staircase leading up here.
The centaur skeleton hits you.
* * * LOW HITPOINT WARNING * * *
The centaur skeleton hits you.
You die...

###### #..#.## #.....# #.....#
##....# ###+## #....#######
.....#....####+###....#.....##
....#....)..................#
...#.....o...Z@...รท........#
#..##..o##...##########....#
#..##...##...# #+####
.##..##...##...#
..........#....#
....o.....##+###
####o##...##...#
###..#######...#
#.........o....#


You could see 2 orcs and a centaur skeleton.

Vanquished Creatures
  A hippogriff (D:8)
  A spriggan (D:7)
  Eustachio (D:4)
  A black bear (D:6)
  An ice beast (D:5)
  A centaur (D:5)
  3 ogres
  A crocodile (D:8)
  A big kobold (D:7)
  4 bullfrogs (D:6)
  2 scorpions
  2 crimson imps
  A bullfrog zombie (D:6)
  2 centaur zombies (D:5)
  A jelly (D:6)
  2 orc priests
  2 hounds
  A bullfrog skeleton (D:7)
  A centaur skeleton (D:4)
  2 iguanas
  4 orc wizards
  4 worker ants
  2 hound skeletons
  2 worker ant zombies
  10 gnolls
  A howler monkey skeleton (D:4)
  10 adders
  2 oozes (D:1)
  An adder skeleton (D:4)
  7 worms
  3 dart slugs
  3 leopard geckos
  17 orcs
  4 ball pythons
  4 giant cockroaches
  15 goblins
  5 hobgoblins
  10 jackals
  10 kobolds
  2 quokkas
  7 bats
  7 frilled lizards
  A leopard gecko skeleton (D:5)
  A quokka skeleton (D:6)
  14 rats
177 creatures vanquished.

Notes
Turn   | Place    | Note
-------+----------+-------------------------------------------
     0 | D:1      | Blackhawk the Tengu Berserker began the quest for the Orb.
     0 | D:1      | Reached XP level 1. HP: 14/14 MP: 2/2
   231 | D:1      | Reached XP level 2. HP: 17/19 MP: 3/3
   513 | D:1      | Reached XP level 3. HP: 17/23 MP: 4/4
   748 | D:1      | Reached ** piety under Trog
  1457 | D:2      | Reached skill level 1 in Maces & Flails
  1595 | D:2      | Reached XP level 4. HP: 15/28 MP: 5/5
  2149 | D:2      | Found a faded altar of an unknown god.
  2187 | D:2      | HP: 1/28 [poisoned by a goblin]
  2641 | D:3      | Gained mutation: You can fly. [Tengu growth]
  2641 | D:3      | Reached XP level 5. HP: 13/33 MP: 6/6
  2971 | D:3      | Reached *** piety under Trog
  3444 | D:3      | Noticed a moth of wrath
  3446 | D:3      | Found a bloodstained altar of Trog.
  4034 | D:4      | Found a staircase to the Ecumenical Temple.
  4063 | D:4      | Noticed Eustachio
  4354 | D:3      | Reached XP level 6. HP: 38/38 MP: 7/7
  4432 | D:4      | Killed Eustachio
  4432 | D:4      | Reached skill level 1 in Slings
  4628 | D:4      | Reached XP level 7. HP: 31/44 MP: 8/8
  5206 | D:4      | Found a runed door.
  5207 | D:4      | Noticed Cryolive's ghost (amateur GrEE)
  5954 | D:5      | Entered Level 5 of the Dungeon
  6031 | D:5      | Reached skill level 5 in Fighting
  6218 | D:5      | Reached skill level 5 in Dodging
  6218 | D:5      | Reached XP level 8. HP: 49/49 MP: 9/9
  6260 | D:5      | Reached skill level 5 in Armour
  6468 | D:5      | Reached **** piety under Trog
  7285 | D:6      | HP: 2/50 [gnoll/+0 spear (9)]
  7619 | D:6      | Reached skill level 5 in Maces & Flails
  8025 | D:6      | Reached XP level 9. HP: 39/55 MP: 10/10
  8114 | D:6      | Found a radiant altar of Vehumet.
  9281 | D:7      | Found a transporter.
  9324 | D:7      | Received a gift from Trog
  9381 | D:7      | Found a transporter.
  9381 | D:7      | Noticed rowan1213's ghost (novice MiBe)
  9522 | D:7      | Found Siffyo's Book Shoppe.
 10242 | D:8      | HP: 1/56 [centaur skeleton (6)]
 10242 | D:8      | Slain by a centaur skeleton

Vault maps used:
D:1:      erik_arrival_gehennom
D:2:      cheibrodos_old_hovel, chequers_ecumenical_altar_simple, first_ration,
          chequers_serial_rivers_room_b
D:3:      minmay_crystal_room, tgw_trog
D:4:      minmay_temple_entry_grid, chequers_ossuary_entry_cave,
          hellmonk_ghost_happy_afterlife, minmay_ogre_servants, uniq_eustachio
D:6:      vehumet_altar_wand_db
D:7:      serial_shops, nicolae_shop_window_shopping, gammafunk_ghost_arena,
          the_bakery, minmay_hedge_maze, nrook_mini_vaults,
          chequers_serial_rivers_small_a, kennysheep_dice
D:8:      serial_shops, shop_statue

Skill      XL: |  1  2  3  4  5  6  7  8  9 |
---------------+----------------------------+-----
Maces & Flails | 1 2 3 4 5 6 |  6.0
Dodging        | 3 4 5 6 |  6.7
Armour         | 3 4 5 6 |  6.6
Fighting       | 4 5 6 |  6.5
Slings         | 1 2 4 |  4.7
Polearms       | |  3.5

Action                   |  1- 3 |  4- 6 |  7- 9 || total
-------------------------+-------+-------+-------++-------
Melee: Spear             |    33 |       |       ||    33
       Peck              |    12 |    14 |    47 ||    73
       Kick              |     9 |    20 |    78 ||   107
       Whip              |    45 |   111 |   251 ||   407
Invok: Berserk           |       |     2 |     3 ||     5
 Abil: Fly               |       |     2 |       ||     2
  Use: Scroll            |       |       |     2 ||     2
       Potion            |       |       |     1 ||     1
 Stab: Sleeping          |       |     1 |     6 ||     7
  Eat: Chunk             |     1 |    13 |    17 ||    31
       Ration            |       |       |     1 ||     1
Armor: Animal skin       |     7 |    12 |    22 ||    41
Dodge: Dodged            |    34 |    75 |   157 ||   266

Table legend:
 A = Non-vault XP
 B = Vault XP
 C = Vault XP percentage of total XP
 D = Non-vault monster count
 E = Vault monster count
 F = Vault count percentage of total count
                 A         B        C        D         E       F
            +---------+---------+-------+---------+---------+-------
      Total |    2998 |     602 |  16.7 |     154 |      23 |  13.0
            +---------+---------+-------+---------+---------+-------
        D:1 |      40 |      19 |  32.2 |      24 |       5 |  17.2
        D:2 |      61 |      13 |  17.6 |      16 |       1 |   5.9
        D:3 |     162 |      13 |   7.4 |      29 |       5 |  14.7
        D:4 |     400 |     340 |  45.9 |      20 |      10 |  33.3
        D:5 |     791 |       0 |   0.0 |      26 |       0 |   0.0
        D:6 |     783 |       2 |   0.3 |      20 |       1 |   4.8
        D:7 |     312 |     215 |  40.8 |      12 |       1 |   7.7
        D:8 |     449 |       0 |   0.0 |       7 |       0 |   0.0
            +---------+---------+-------+---------+---------+-------
